 Dungeon Crawl Stone Soup version 0.26-a0-1012-gedcf9b2963 (webtiles) character file.

Game seed: 12401820520929342727

3121 Essalna the Chiller (level 9, -1/103 HPs)
             Began as a Demonspawn Ice Elementalist on Dec 7, 2020.
             Slain by a killer bee (4 damage)
             ... on level 7 of the Dungeon.
             The game lasted 00:33:01 (5987 turns).

Essalna the Chiller (Demonspawn Ice Elementalist)   Turns: 5987, Time: 00:33:02

Health: -1/103     AC: 24    Str:  8    XL:     9   Next: 60%
Magic:  15/17      EV:  2    Int: 20    God:
Gold:   258        SH:  4    Dex: 14    Spells: 8/19 levels left

rFire    . . .     SeeInvis .   q - +3 dagger (protect)
rCold    . . .     Faith    .   w - +0 buckler
rNeg     + + +     Spirit   .   (armour currently unavailable)
rPois    +         Reflect  .   (helmet currently unavailable)
rElec    .         Harm     .   (cloak currently unavailable)
rCorr    .         Rampage  .   (gloves currently unavailable)
Will     .....     NoTele   +   (boots currently unavailable)
Stlth    +.........             (no amulet)
HPRegen  0.27/turn              y - ring of attention (curse)
MPRegen  0.15/turn              s - ring of poison resistance

@: tree-form, studying Evocations
A: powered by pain 1
a: no special abilities


You were on level 7 of the Dungeon.
You were a tree.
You visited 1 branch of the dungeon, and saw 8 of its levels.

You collected 430 gold pieces.
You spent 172 gold pieces at shops.

Inventory:

Hand Weapons
 q - a +3 dagger of protection (weapon)
Armour
 a - a +0 robe (melded)
 d - a +0 helmet (melded)
 g - a scarf of invisibility
 m - a +1 cloak (melded)
 r - a +2 ring mail of willpower
 w - a +0 buckler (worn)
Jewellery
 s - a ring of poison resistance (right branch)
 y - a cursed ring of attention (left branch)
 B - an uncursed ring of resist corrosion {unknown}
Wands
 u - a wand of disintegration (1)
 x - a wand of iceblast (8)
Scrolls
 c - a scroll of blinking
 e - 4 scrolls of remove curse
 j - a scroll of teleportation
 n - 8 scrolls of identify
 v - 5 scrolls of enchant armour
 A - a scroll of amnesia
Potions
 b - 3 potions of curing
 f - 2 potions of cancellation {unknown}
 h - 2 potions of ambrosia {unknown}
 i - 2 potions of invisibility {unknown}
 k - 4 potions of lignification
 l - 2 potions of brilliance {unknown}
 o - 2 potions of heal wounds {unknown}
 p - a potion of degeneration {unknown}
 z - 2 potions of attraction {unknown}
Books
 t - a manual of Evocations


   Skills:
 + Level 5.6 Fighting
 + Level 5.1 Armour
 + Level 5.5 Dodging
 - Level 1.7 Stealth
 + Level 2.3 Shields
 + Level 5.6 Spellcasting
 + Level 1.9 Conjurations
 + Level 6.4 Ice Magic


You had 8 spell levels left.
You knew the following spells:

 Your Spells              Type           Power        Failure   Level
a - Freeze                Ice            ####         1%          1
b - Frozen Ramparts       Ice            ####..       2%          3
c - Ozocubu's Armour      Ice            ####....     2%          3
d - Hailstorm             Conj/Ice       ###.....     24%         4

Your spell library contained the following spells:

 Spells                   Type           Power        Failure   Level
 Beastly Appendage        Tmut           #.....       13%         1
 Wereblood                Tmut           #.......     21%         2
 Ice Form                 Ice/Tmut       ###.....     34%         4
 Summon Ice Beast         Ice/Summ       ###.....     34%         4
 Spider Form              Tmut/Pois      #.........   36%         3
 Blade Hands              Tmut           #.........   98%         5


Dungeon Overview and Level Annotations

Branches:
Dungeon (8/15)
 Temple: D:4-7         Lair: D:8-11

Altars:
Cheibriados
Dithmenos
Sif Muna
Uskayaw
Vehumet
Zin

Shops:
D:4 =   D:7 *

Annotations:
D:7 exclusion: statue


Innate Abilities, Weirdness & Mutations

((You have large cloven feet.))
((You are completely covered in iridescent scales. (AC +6)))
((Your flesh is cold resistant. (rC+)))
You sometimes gain a little power by taking damage.


Message History

The killer bee stings you but does no damage.
The killer bee stings you.
* * * LOW HITPOINT WARNING * * *
You block the killer bee's attack.
The killer bee stings you but does no damage.
You feel better. You block the killer bee's attack. The killer bee stings you.
* * * LOW HITPOINT WARNING * * *
The killer bee stings you but does no damage.
The killer bee stings you.
* * * LOW HITPOINT WARNING * * *
The killer bee barely misses you.
The killer bee stings you but does no damage.
The killer bee stings you.
* * * LOW HITPOINT WARNING * * *
The killer bee barely misses you.
The killer bee stings you but does no damage.
The killer bee stings you.
* * * LOW HITPOINT WARNING * * *
The killer bee stings you.
You die...

##### #...# #....
#####...###
########...#..÷..#
#.##††##...#....######
##.#†...#...#....#....#
###....##........y......#
#...#####.#...Zy♣y.<...##
....########...yyy.........
#........##.........#..####
.....##..##.....Z#.##.## ..
.................#....# ..
..........#...........# ..
..........#........### ..
.........####.>.......# ..
#.....(...##.Z........# (.


You could see 6 killer bees, a leopard gecko zombie and a worker ant zombie.

Vanquished Creatures
  A two-headed ogre (D:3)
  Grinder (D:4)
  Sigmund (D:5)
  3 orc warriors
  A necrophage (D:6)
  An ogre (D:5)
  2 centaurs
  A big kobold (D:4)
  5 bullfrogs
  A scorpion (D:5)
  4 killer bees (D:7)
  A bullfrog zombie (D:6)
  4 orc wizards
  2 hounds
  2 bullfrog skeletons
  6 orc priests
  2 iguanas
  A centaur skeleton (D:6)
  Ijyb (D:4)
  5 worker ants
  Robin (D:2)
  A howler monkey zombie (D:7)
  A worker ant zombie (D:6)
  8 adders
  A white imp (D:5)
  An ufetubus (D:5)
  3 oozes
  An adder skeleton (D:6)
  A leopard gecko (D:1)
  26 orcs
  7 giant cockroaches
  16 goblins
  6 hobgoblins
  11 jackals
  3 quokkas
  4 ball pythons
  4 bats
  2 frilled lizards (D:2)
  A giant cockroach zombie (D:5)
  4 kobolds
  A quokka skeleton (D:7)
  4 rats
152 creatures vanquished.

Notes
Turn   | Place    | Note
-------+----------+-------------------------------------------
     0 | D:1      | Essalna the Demonspawn Ice Elementalist began the quest for
                  | the Orb.
     0 | D:1      | Reached XP level 1. HP: 13/13 MP: 3/3
   304 | D:1      | Found a snail-covered altar of Cheibriados.
   487 | D:1      | Gained mutation: Your flesh is cold resistant. (rC+)
                  | [demonic ancestry]
   487 | D:1      | Reached XP level 2. HP: 20/20 MP: 1/5
  1137 | D:2      | Reached skill level 1 in Fighting
  1169 | D:2      | Gained mutation: You are partially covered in iridescent
                  | scales. (AC +2) [demonic ancestry]
  1169 | D:2      | Reached XP level 3. HP: 26/26 MP: 1/6
  1510 | D:2      | You fall into a shaft and drop 2 floors!
  1513 | D:4      | Reached skill level 1 in Armour
  1624 | D:4      | Gained mutation: You are mostly covered in iridescent
                  | scales. (AC +4) [demonic ancestry]
  1624 | D:4      | Reached XP level 4. HP: 32/32 MP: 5/7
  1677 | D:4      | Found Zeuk's Jewellery Shoppe.
  1710 | D:4      | Reached skill level 4 in Ice Magic
  1780 | D:4      | Learned a level 3 spell: Frozen Ramparts
  1784 | D:4      | Learned a level 3 spell: Ozocubu's Armour
  1819 | D:4      | Noticed a two-headed ogre
  2021 | D:2      | Noticed Robin
  2022 | D:2      | Reached XP level 5. HP: 36/38 MP: 4/9
  2033 | D:2      | Killed Robin
  2551 | D:3      | You fall into a shaft and drop 1 floor!
  2557 | D:4      | Noticed Ijyb
  2676 | D:4      | Reached XP level 6. HP: 46/46 MP: 6/10
  2711 | D:4      | Found a shimmering blue altar of Sif Muna.
  2745 | D:4      | Killed Ijyb
  2840 | D:4      | Noticed Grinder
  2843 | D:4      | Paralysed by Grinder for 2 turns
  3377 | D:3      | Killed a two-headed ogre
  3378 | D:3      | Reached skill level 5 in Ice Magic
  3378 | D:3      | Gained mutation: You sometimes gain a little power by
                  | taking damage. [demonic ancestry]
  3378 | D:3      | Reached XP level 7. HP: 12/53 MP: 4/13
  3378 | D:3      | Gained mutation: You are completely covered in iridescent
                  | scales. (AC +6) [demonic ancestry]
  3378 | D:3      | Reached XP level 8. HP: 14/60 MP: 4/14
  3841 | D:4      | Paralysed by Grinder for 4 turns
  3865 | D:4      | Paralysed by Grinder for 4 turns
  3875 | D:4      | Killed Grinder
  4018 | D:5      | Entered Level 5 of the Dungeon
  4097 | D:5      | Found a glowing silver altar of Zin.
  4132 | D:5      | Noticed Sigmund
  4148 | D:5      | Killed Sigmund
  4394 | D:5      | Reached skill level 5 in Spellcasting
  4982 | D:6      | Reached skill level 5 in Fighting
  4982 | D:6      | Reached skill level 5 in Dodging
  4982 | D:6      | Reached skill level 6 in Ice Magic
  4982 | D:6      | Gained mutation: You have large cloven feet. [demonic
                  | ancestry]
  4982 | D:6      | Reached XP level 9. HP: 66/68 MP: 10/16
  5070 | D:6      | Reached skill level 1 in Shields
  5279 | D:6      | Learned a level 4 spell: Hailstorm
  5294 | D:6      | Found a hide-covered altar of Uskayaw.
  5646 | D:7      | Reached skill level 1 in Conjurations
  5694 | D:7      | Found Ganeump's Assorted Antiques.
  5702 | D:7      | Bought a purple potion for 18 gold pieces
  5702 | D:7      | Bought 2 blue potions for 36 gold pieces
  5702 | D:7      | Bought a smoky ruby potion for 18 gold pieces
  5702 | D:7      | Bought an encrusted wooden ring for 100 gold pieces
  5775 | D:7      | Found a shadowy altar of Dithmenos.
  5809 | D:7      | Reached skill level 5 in Armour
  5906 | D:7      | Found a radiant altar of Vehumet.
  5971 | D:8      | HP: 2/68 [orc priest/divine providence (11)]
  5983 | D:7      | HP: 2/69 [killer bee (2)]
  5987 | D:7      | Slain by a killer bee

Illustrated notes

Levels and vault maps discovered:
D:1:      eino_arrival_cavern_b, layout_loops_ring, cheibriados_altar_1
D:2:      layout_rooms, uniq_robin
D:3:      layout_rooms, serial_curves, eino_curves_04, eino_curves_01
D:4:      layout_basic, tgw_sif, serial_shops, shop, minmay_manual_moon,
          uniq_grinder, uniq_ijyb
D:5:      layout_cave_pools, lemuel_coloured_pillars_altar, item_on_display_a,
          uniq_sigmund
D:6:      layout_gridville, kennysheep_mini_moat
D:7:      layout_cave_pools, vehumet_statue, gammafunk_temple_overflow_statue,
          minmay_temple_entry_enclosed_plants, serial_shops, shop, basic_altar,
          enter_bailey_3
D:8:      layout_rooms, grunt_ministairs_7, st_stairs_2

Skill      XL: |  1  2  3  4  5  6  7  8  9 |
---------------+----------------------------+-----
Dodging        | 2 3 4 5 |  5.5
Fighting       | 1 2 3 5 |  5.6
Armour         | 1 2 3 4 5 |  5.1
Ice Magic      | 4 5 6 |  6.4
Spellcasting   | 3 4 5 |  5.6
Shields        | 2 |  2.3
Conjurations   | 1 |  1.9
Stealth        | |  1.7

Action                   |  1- 3 |  4- 6 |  7- 9 || total
-------------------------+-------+-------+-------++-------
Melee: Dagger            |     5 |   137 |   270 ||   412
       Kick              |       |       |    37 ||    37
 Cast: Freeze            |    46 |    37 |     6 ||    89
       Frozen Ramparts   |       |    13 |    19 ||    32
       Ozocubu's Armour  |       |     4 |     4 ||     8
Evoke: Wand              |       |     1 |     4 ||     5
  Use: Scroll            |       |     4 |     4 ||     8
       Potion            |       |       |     4 ||     4
 Stab: Sleeping          |       |     2 |     3 ||     5
Armor: Robe              |    11 |    48 |   108 ||   167
       Ring mail         |       |    25 |       ||    25
       Skin              |       |       |    15 ||    15
Dodge: Dodged            |    35 |   136 |   206 ||   377
Block: Buckler           |       |       |    43 ||    43

Table legend: (Time is in decaauts)
 A = Elapsed time spent in this place.
 B = Non-inter-level travel time spent in this place.
 C = Inter-level travel time spent in this place.
 D = Time resting spent in this place.
 E = Time spent auto-exploring this place.
 F = Levels seen in this place.
 G = Mean time per level.
                   A        B        C        D        E       F      G
               +--------+--------+--------+--------+--------+-----+--------+
         Total |   5992 |   5741 |    251 |    207 |   3861 |   8 |  749.0 |
       Dungeon |   5992 |   5741 |    251 |    207 |   3861 |   8 |  749.0 |
               +--------+--------+--------+--------+--------+-----+--------+

Top non-repeatable levels by time:
     D:4: 1527 daAuts
     D:1: 1014 daAuts
     D:2: 963 daAuts
     D:5: 860 daAuts
     D:6: 734 daAuts
     D:3: 514 daAuts
     D:7: 322 daAuts
     D:8: 55 daAuts
